LNBL
NEW YORK BLACK KINGS @ PHILADELPHIA KEYSTONES
06/13/1915
 
TOP OF THE 1ST
New York Black Kings batting - Pitching for Philadelphia Keystones : RHP Gunboat Leonard
Pitching: RHP Gunboat Leonard
Batting: RHB Ira Cox 0-0: Ground out 1-3 (Groundball, 13S, EV 76.9 MPH)
Batting: RHB Jim Hancock 0-0: Ball
1-0: Called Strike
1-1: Ball
2-1: Foul Ball, location: 9LDF
2-2: Foul Ball, location: 3F
2-2: Foul Ball, location: 23F
2-2: Ground out 6-3 (Groundball, 6, EV 104.4 MPH)
Batting: RHB Wendell McCurrine 0-0: Called Strike
0-1: Swinging Strike
0-2: Foul Ball, location: 9LMF
0-2: Foul Ball, location: 2F
0-2: Ball
1-2: Fly out, F7 (Flyball, 7S, EV 79.4 MPH)
Top of the 1st over - 0 runs, 0 hits, 0 errors, 0 left on base; New York 0 - Philadelphia 0
BOTTOM OF THE 1ST
Philadelphia Keystones batting - Pitching for New York Black Kings : RHP Roy Colliers
Pitching: RHP Roy Colliers
Batting: RHB James McErvin 0-0: Ball
1-0: Called Strike
1-1: Ball
2-1: Foul Ball, location: 5FF
2-2: SINGLE (Line Drive, 78M, EV 93.1 MPH)
Batting: RHB Jimmy Roberts 0-0: Bunted foul
0-1: Sac Bunt to 2R - play at first, batter OUT! 2-3
James McErvin to second
Batting: SHB Harry Lowe 0-0: Ball
1-0: Foul Ball, location: 5FF
1-1: Ball
2-1: Ball
3-1: Called Strike
3-2: Base on Balls
Batting: RHB Henry Lackey 0-0: Swinging Strike
0-1: Ball
1-1: Ball
2-1: Ball
3-1: Base on Balls
James McErvin to third
Harry Lowe to second
Batting: RHB Jimmy Easley 0-0: Ball
1-0: Fly out, F8 (Flyball, 8LM, EV 108.8 MPH)
Runner from 3rd tags up, SCORES, no throw by CF
Batting: RHB Wilson Romes 0-0: Ball
1-0: Fly out, F4 (Line Drive, 4, EV 75.6 MPH)
Bottom of the 1st over - 1 run, 1 hit, 0 errors, 2 left on base; New York 0 - Philadelphia 1
TOP OF THE 2ND
New York Black Kings batting - Pitching for Philadelphia Keystones : RHP Gunboat Leonard
Batting: LHB John McAvoy 0-0: Called Strike
0-1: Ball
1-1: Fly out, F9 (Flyball, 9, EV 89.4 MPH)
Batting: RHB Jackie Brinson 0-0: Called Strike
0-1: Ball
1-1: SINGLE (Line Drive, 89S, EV 98.1 MPH)
Batting: RHB George Davis 0-0: Fly out, F4 (Popup, 34D, EV 55.0 MPH)
Batting: RHB Jeremiah Miller 0-0: SINGLE (Groundball, 4MD, EV 103.1 MPH)
Jackie Brinson to second
Runner from 2nd tries for 3rd, SAFE, throw by CF made to third
Jeremiah Miller to second
Batting: RHB Tom Snead 0-0: Ball
1-0: Ground out U3 (Groundball, 34, EV 103.1 MPH)
Top of the 2nd over - 0 runs, 2 hits, 0 errors, 2 left on base; New York 0 - Philadelphia 1
BOTTOM OF THE 2ND
Philadelphia Keystones batting - Pitching for New York Black Kings : RHP Roy Colliers
Batting: RHB Ira Givens 0-0: Ball
1-0: Ball
2-0: Called Strike
2-1: Ball
3-1: Fly out, F4 (Popup, 3S, EV 91.3 MPH)
Batting: RHB Gene Howard 0-0: Ball
1-0: Called Strike
1-1: Fly out, F9 (Flyball, 9LD, EV 101.3 MPH)
Batting: RHB Gunboat Leonard 0-0: Called Strike
0-1: Swinging Strike
0-2: Ball
1-2: Ball
2-2: Ball
3-2: Strikes out swinging
Bottom of the 2nd over - 0 runs, 0 hits, 0 errors, 0 left on base; New York 0 - Philadelphia 1
TOP OF THE 3RD
New York Black Kings batting - Pitching for Philadelphia Keystones : RHP Gunboat Leonard
Batting: RHB Roy Colliers 0-0: Called Strike
0-1: Foul Ball, location: 2F
0-2: Reached on error, E6 (Groundball, 6, EV 98.1 MPH)
Batting: RHB Ira Cox 0-0: Bunt - Flyout to 13! F1
Batting: RHB Jim Hancock 0-0: Ball
1-0: Grounds into double play, 5-4-3 (Groundball, 56, EV 103.1 MPH)
Top of the 3rd over - 0 runs, 0 hits, 1 error, 0 left on base; New York 0 - Philadelphia 1
BOTTOM OF THE 3RD
Philadelphia Keystones batting - Pitching for New York Black Kings : RHP Roy Colliers
Batting: RHB James McErvin 0-0: Ball
1-0: Ball
2-0: Ball
3-0: Base on Balls
Batting: RHB Jimmy Roberts 0-0: Sac Bunt to 2L - play at first, batter OUT! 2-3
James McErvin to second
Batting: SHB Harry Lowe 0-0: SINGLE (Line Drive, 4M, EV 96.3 MPH)
James McErvin to third
Batting: RHB Henry Lackey 0-0: Called Strike
0-1: Ball
1-1: Swinging Strike
1-2: Foul Ball, location: 9LDF
1-2: Ball
2-2: Ball
3-2: Foul Ball, location: 9LSF
3-2: Base on Balls
Harry Lowe to second
Batting: RHB Jimmy Easley 0-0: Ball
1-0: Ball
2-0: Foul Ball, location: 9LSF
2-1: Ball
3-1: Base on Balls
James McErvin scores
Harry Lowe to third
Henry Lackey to second
Batting: RHB Wilson Romes 0-0: Ball
1-0: Ball
2-0: Ball
3-0: Base on Balls
Harry Lowe scores
Henry Lackey to third
Jimmy Easley to second
Batting: RHB Ira Givens 0-0: Ball
1-0: Foul Ball, location: 3F
1-1: Swinging Strike
1-2: SINGLE (Line Drive, 8RS, EV 97.5 MPH)
Henry Lackey scores
Jimmy Easley to third
Wilson Romes to second
Batting: RHB Gene Howard 0-0: Ball
1-0: Ground out 6-3 (Groundball, 6S, EV 69.4 MPH)
Jimmy Easley scores
Wilson Romes to third
Ira Givens to second
Batting: RHB Gunboat Leonard 0-0: Ball
1-0: Ground out 4-3 (Groundball, 4, EV 86.9 MPH)
Bottom of the 3rd over - 4 runs, 2 hits, 0 errors, 2 left on base; New York 0 - Philadelphia 5
TOP OF THE 4TH
New York Black Kings batting - Pitching for Philadelphia Keystones : RHP Gunboat Leonard
Batting: RHB Wendell McCurrine 0-0: Swinging Strike
0-1: Called Strike
0-2: Ball
1-2: Strikes out swinging
Batting: LHB John McAvoy 0-0: Called Strike
0-1: Ground out 4-3 (Groundball, 4, EV 82.5 MPH)
Batting: RHB Jackie Brinson 0-0: Foul Ball, location: 2F
0-1: Ball
1-1: Foul Ball, location: 3F
1-2: Ball
2-2: SINGLE (Line Drive, 89S, EV 105.0 MPH)
Batting: RHB George Davis 0-0: Ball
1-0: Foul Ball, location: 5F
1-1: Fielders Choice at 2nd, 6-4 (Groundball, 6, EV 106.3 MPH)
Top of the 4th over - 0 runs, 1 hit, 0 errors, 1 left on base; New York 0 - Philadelphia 5
BOTTOM OF THE 4TH
Philadelphia Keystones batting - Pitching for New York Black Kings : RHP Roy Colliers
Batting: RHB James McErvin 0-0: Ball
1-0: Foul Ball, location: 25F
1-1: Ball
2-1: Ball
3-1: Called Strike
3-2: Fly out, F7 (Flyball, 78S, EV 93.1 MPH)
Batting: RHB Jimmy Roberts 0-0: Ball
1-0: SINGLE (Line Drive, 4D, EV 95.6 MPH)
Batting: SHB Harry Lowe 0-0: Called Strike
0-1: Swinging Strike
0-2: Ball
1-2: Foul Ball, location: 2F
1-2: Ball
2-2: Ball
3-2: Strikes out looking
Batting: RHB Henry Lackey 0-0: Ball
1-0: Ball
Wild Pitch!
Jimmy Roberts to second
2-0: Ball
3-0: Base on Balls
Batting: RHB Jimmy Easley 0-0: Ball
1-0: Swinging Strike
1-1: Ball
2-1: Ball
3-1: Swinging Strike
3-2: Base on Balls
Jimmy Roberts to third
Henry Lackey to second
Pitching: LHP Charles Griggs
Now in RF: Ben Turner
Batting: RHB Wilson Romes 0-0: Swinging Strike
0-1: Called Strike
0-2: Foul Ball, location: 7LSF
0-2: Foul Ball, location: 9LMF
0-2: Ground out 1-3 (Groundball, 13S, EV 73.8 MPH)
Bottom of the 4th over - 0 runs, 1 hit, 0 errors, 3 left on base; New York 0 - Philadelphia 5
TOP OF THE 5TH
New York Black Kings batting - Pitching for Philadelphia Keystones : RHP Gunboat Leonard
Batting: RHB Jeremiah Miller 0-0: Swinging Strike
0-1: Fly out, F8 (Flyball, 8RXD, EV 108.1 MPH)
Batting: RHB Tom Snead 0-0: Ball
1-0: Foul Ball, location: 9LDF
1-1: Ball
2-1: Ball
3-1: Ground out 4-3 (Groundball, 4M, EV 80.6 MPH)
Batting: LHB Ben Turner 0-0: Ball
1-0: Ball
2-0: SINGLE (Groundball, 23, EV 69.4 MPH) (infield hit)
Batting: RHB Ira Cox 0-0: Fly out, F8 (Line Drive, 8LS, EV 93.8 MPH)
Top of the 5th over - 0 runs, 1 hit, 0 errors, 1 left on base; New York 0 - Philadelphia 5
BOTTOM OF THE 5TH
Philadelphia Keystones batting - Pitching for New York Black Kings : LHP Charles Griggs
Batting: RHB Ira Givens 0-0: Ball
1-0: Called Strike
1-1: Ball
2-1: Called Strike
2-2: Ground out 5-3 (Groundball, 56S, EV 73.8 MPH)
Batting: RHB Gene Howard 0-0: Ball
1-0: Called Strike
1-1: Fly out, F7 (Flyball, 7D, EV 109.4 MPH)
Batting: RHB Gunboat Leonard 0-0: Ball
1-0: Ball
2-0: Called Strike
2-1: Ball
3-1: Foul Ball, location: 9LMF
3-2: Strikes out swinging
Bottom of the 5th over - 0 runs, 0 hits, 0 errors, 0 left on base; New York 0 - Philadelphia 5
TOP OF THE 6TH
New York Black Kings batting - Pitching for Philadelphia Keystones : RHP Gunboat Leonard
Batting: RHB Jim Hancock 0-0: Ground out 6-3 (Groundball, 6, EV 101.9 MPH)
Batting: RHB Wendell McCurrine 0-0: Ball
1-0: DOUBLE (Flyball, 78D, EV 92.5 MPH)
Pinch Runner at 2nd Charley Bright:
Batting: LHB John McAvoy 0-0: Foul Ball, location: 5F
0-1: Foul Ball, location: 25F
0-2: Ball
1-2: Foul Ball, location: 7LDF
1-2: Ball
2-2: Ball
3-2: SINGLE (Line Drive, 56D, EV 96.9 MPH)
Charley Bright to third
Batting: RHB Jackie Brinson 0-0: Ball
1-0: Fly out, F9 (Line Drive, 9, EV 101.9 MPH)
Batting: RHB Charles Griggs 0-0: Ball
1-0: Ground out 1-3 (Groundball, 13S, EV 75.0 MPH)
Top of the 6th over - 0 runs, 2 hits, 0 errors, 2 left on base; New York 0 - Philadelphia 5
BOTTOM OF THE 6TH
Philadelphia Keystones batting - Pitching for New York Black Kings : LHP Charles Griggs
Now at 2B: Dixie Johnson
Batting: RHB James McErvin 0-0: Foul Ball, location: 9LSF
0-1: DOUBLE (Groundball, 5L, EV 106.3 MPH)
Batting: RHB Jimmy Roberts 0-0: Foul Ball, location: 5F
0-1: Ball
1-1: Called Strike
1-2: Ground out 6-3 (Groundball, 6M, EV 80.0 MPH)
Batting: SHB Harry Lowe 0-0: Ball
1-0: Called Strike
1-1: Swinging Strike
1-2: Ball
2-2: Foul Ball, location: 2F
2-2: Foul Ball, location: 5FF
2-2: Ball
3-2: Base on Balls
Batting: RHB Henry Lackey 0-0: Ball
1-0: Ball
2-0: Called Strike
2-1: Foul Ball, location: 25F
2-2: Fly out, F8 (Flyball, 8RXD, EV 100.0 MPH)
Batting: RHB Jimmy Easley 0-0: Foul Ball, location: 2F
0-1: Ball
1-1: Fielders Choice at 2nd, 6-4 (Groundball, 6, EV 98.8 MPH)
Bottom of the 6th over - 0 runs, 1 hit, 0 errors, 2 left on base; New York 0 - Philadelphia 5
TOP OF THE 7TH
New York Black Kings batting - Pitching for Philadelphia Keystones : RHP Gunboat Leonard
Batting: RHB Jeremiah Miller 0-0: Ball
1-0: Called Strike
1-1: Called Strike
1-2: Ball
2-2: Strikes out swinging
Batting: RHB Tom Snead 0-0: Called Strike
0-1: Foul Ball, location: 3F
0-2: Foul Ball, location: 9LSF
0-2: Fly out, F5 (Popup, 5SF, EV 86.3 MPH)
Batting: LHB Ben Turner 0-0: Ball
1-0: Fly out, F6 (Popup, 4M, EV 71.9 MPH)
Top of the 7th over - 0 runs, 0 hits, 0 errors, 0 left on base; New York 0 - Philadelphia 5
BOTTOM OF THE 7TH
Philadelphia Keystones batting - Pitching for New York Black Kings : LHP Charles Griggs
Batting: RHB Wilson Romes 0-0: Ball
1-0: Ball
2-0: Reached on error, E1 (Groundball, 15S, EV 65.6 MPH)
Batting: RHB Ira Givens 0-0: Called Strike
0-1: Ball
1-1: Called Strike
1-2: Strikes out swinging
Batting: RHB Gene Howard 0-0: Called Strike
0-1: Ball
1-1: Called Strike
1-2: Foul Ball, location: 9LDF
1-2: Strikes out swinging
Batting: RHB Gunboat Leonard 0-0: Called Strike
0-1: Foul Ball, location: 3F
0-2: Ball
1-2: Ball
2-2: Strikes out looking
Bottom of the 7th over - 0 runs, 0 hits, 1 error, 1 left on base; New York 0 - Philadelphia 5
TOP OF THE 8TH
New York Black Kings batting - Pitching for Philadelphia Keystones : RHP Gunboat Leonard
Batting: RHB Ira Cox 0-0: Foul Ball, location: 5DF
0-1: Ball
1-1: SINGLE (Line Drive, 56, EV 96.3 MPH)
Batting: RHB Jim Hancock 0-0: Foul Ball, location: 7LSF
0-1: Single, Error in OF, E9, batter to second base (Line Drive, 9S, EV 98.8 MPH)
Ira Cox to third
Batting: RHB Dixie Johnson 0-0: Foul Ball, location: 7LMF
0-1: Ground out 6-3 (Groundball, 6, EV 86.9 MPH)
Ira Cox scores
Batting: LHB John McAvoy 0-0: Ball
1-0: Ball
2-0: Called Strike
2-1: Ball
3-1: Foul Ball, location: 25FF
3-2: Foul Ball, location: 2F
3-2: Base on Balls
Batting: RHB Jackie Brinson 0-0: Ball
1-0: Reached via error on a dropped throw from 3B, E4 (Groundball, 56S, EV 87.5 MPH)
Jim Hancock to third
John McAvoy to second
Pinch Hitting: LHB Ted Ellis 0-0: Called Strike
0-1: Ball
1-1: Ball
2-1: Swinging Strike
2-2: Fly out, F3 (Line Drive, 3L, EV 66.9 MPH)
Batting: RHB Jeremiah Miller 0-0: Swinging Strike
0-1: Foul Ball, location: 25F
0-2: Ball
1-2: Ground out 1-3 (Groundball, 15S, EV 66.3 MPH)
Top of the 8th over - 1 run, 2 hits, 2 errors, 3 left on base; New York 1 - Philadelphia 5
BOTTOM OF THE 8TH
Philadelphia Keystones batting - Pitching for New York Black Kings : LHP Charles Griggs
Pitching: LHP Bus Cogdell
Batting: RHB James McErvin 0-0: Called Strike
0-1: Called Strike
0-2: Ball
1-2: Ball
2-2: Fly out, F3 (Popup, 3SF, EV 86.3 MPH)
Batting: RHB Jimmy Roberts 0-0: Fly out, F7 (Flyball, 7S, EV 92.5 MPH)
Batting: SHB Harry Lowe 0-0: Ball
1-0: Ball
2-0: Ball
3-0: SINGLE (Line Drive, 89S, EV 91.3 MPH)
Batting: RHB Henry Lackey 0-0: Ball
1-0: Foul Ball, location: 25F
1-1: Fielders Choice at 2nd, 6-4 (Groundball, 56, EV 91.3 MPH)
Bottom of the 8th over - 0 runs, 1 hit, 0 errors, 1 left on base; New York 1 - Philadelphia 5
TOP OF THE 9TH
New York Black Kings batting - Pitching for Philadelphia Keystones : RHP Gunboat Leonard
Batting: RHB Tom Snead 0-0: Ball
1-0: Ball
2-0: Ball
3-0: Called Strike
3-1: Base on Balls
Batting: LHB Ben Turner 0-0: Swinging Strike
0-1: Ball
1-1: SINGLE (Line Drive, 9S, EV 105.6 MPH)
Tom Snead to second
Batting: RHB Ira Cox 0-0: Ball
1-0: Called Strike
1-1: Fly out, F5 (Line Drive, 56, EV 66.9 MPH)
Batting: RHB Jim Hancock 0-0: Called Strike
0-1: Fielders Choice at 2nd, 6-4 (Groundball, 6, EV 83.1 MPH)
Tom Snead to third
Pinch Hitting: RHB Farmer Watkins 0-0: Ball
1-0: Called Strike
1-1: Foul Ball, location: 3DF
1-2: Ball
2-2: SINGLE (Line Drive, 78S, EV 98.1 MPH)
Tom Snead scores
Jim Hancock to second
Pitching: LHP Sad Sam Blanchard
Batting: LHB John McAvoy 0-0: Foul Ball, location: 2F
0-1: Fly out, F4 (Popup, 4M, EV 61.9 MPH)
Top of the 9th over - 1 run, 2 hits, 0 errors, 2 left on base; New York 2 - Philadelphia 5
Thursday, November 14th , 2024 - OOTP Baseball 25.10 Build 95